 Dungeon Crawl Stone Soup version 0.26.1-2-gb8aa6d0cf2 (webtiles) character file.

Game seed: 1326156750814591803

72 Ladykiller69 the Skirmisher (level 4, -4/40 HPs)
             Began as a Hill Orc Fighter on Mar 27, 2021.
             Was a Follower of Wu Jian.
             Killed by nerve-wracking pain
             ... invoked by Jessica
              (13 damage)
             ... on level 2 of the Dungeon.
             The game lasted 00:01:55 (1272 turns).

Ladykiller69 the Skirmisher (Hill Orc Fighter)      Turns: 1272, Time: 00:01:56

Health: -4/40      AC:  7    Str: 19    XL:     4   Next: 25%
Magic:  4/4        EV:  7    Int:  8    God:    Wu Jian [*.....]
Gold:   78         SH:  9    Dex: 10    Spells: 3/3 levels left

rFire    . . .     SeeInvis .   a - +0 war axe
rCold    . . .     Faith    .   c - +0 kite shield
rNeg     . . .     Spirit   .   b - +0 scale mail
rPois    .         Reflect  .   (no helmet)
rElec    .         Harm     .   (no cloak)
rCorr    .         Rampage  .   (no gloves)
Will     .....                  (no boots)
Stlth    ..........             (no amulet)
HPRegen  0.13/turn              (no ring)
MPRegen  0.09/turn              (no ring)

@: no status effects
A: no striking features
a: Renounce Religion


You were on level 2 of the Dungeon.
You worshipped Wu Jian.
Wu Jian was aware of your devotion.
You visited 1 branch of the dungeon, and saw 2 of its levels.

You collected 78 gold pieces.

Inventory:

Hand Weapons
 a - a +0 war axe (weapon)
Armour
 b - a +0 scale mail (worn)
 c - a +0 kite shield (worn)
Scrolls
 i - a scroll of identify {unknown}
Potions
 d - 2 potions of might
 e - a potion of attraction {unknown}
 f - a potion of curing
 g - a potion of heal wounds {unknown}
 h - a potion of resistance {unknown}


   Skills:
 + Level 4.2 Fighting
 * Level 4.2 Axes
 + Level 3.8 Armour
 + Level 3.8 Shields


You had 3 spell levels left.
You didn't know any spells.
Your spell library was empty.

Dungeon Overview and Level Annotations

Branches:
Dungeon (2/15)

Altars:
Wu Jian

Annotations:
D:2 Jessica, Natasha


Message History

You closely miss the crimson imp. You closely miss the shadow imp.
You hit the bush but do no damage. You block the shadow imp's attack.
The crimson imp hits you but does no damage.
The shadow imp hits you but does no damage.
You closely miss the crimson imp. You slash the shadow imp! You hit the bush.
You hit Natasha but do no damage. Jessica casts a spell at you.
Pain shoots through your body! You block Natasha's attack.
The crimson imp barely misses you. You block the shadow imp's attack.
Jessica points at you and mumbles some strange words.
Pain shoots through your body! Natasha claws you.
You barely miss Natasha. You hit the bush but do no damage.
You hit the shadow imp. You barely miss the crimson imp.
You block the crimson imp's attack. The shadow imp gestures at you.
Pain shoots through your body! Natasha claws you.
* * * LOW HITPOINT WARNING * * *
Jessica casts a spell at you. Pain shoots through your body!
You die...

♣♣♣P......#
..P.......#
.......?..#
.PP......###### ♣
♣.............
♣P. ♣P........#
♣P..♣♣♣P......#
...P.P5P.....<#.#
....(.5@........#
...P.Ph.r)##+####
♣P..♣♣♣P..... ♣..
♣..#.### ♣ ♣..@)#
.P.... ........
.. ....+...
.......##..
...#.#....
...........


You could see Natasha, a crimson imp (summoned), a shadow imp (summoned),
Jessica (fast) and a rat.

Vanquished Creatures
  Natasha (D:2)
  A dart slug (D:1)
  A leopard gecko (D:1)
  6 bats (D:1)
  2 giant cockroaches (D:1)
  3 goblins
  4 hobgoblins (D:1)
  9 jackals (D:1)
  2 frilled lizards (D:1)
  4 kobolds
  9 rats (D:1)
42 creatures vanquished.

Vanquished Creatures (others)
  2 plants (D:2)
2 creatures vanquished.

Grand Total: 44 creatures vanquished

Notes
Turn   | Place    | Note
-------+----------+-------------------------------------------
     0 | D:1      | Ladykiller69 the Hill Orc Fighter began the quest for the
                  | Orb.
     0 | D:1      | Reached XP level 1. HP: 19/19 MP: 1/1
    99 | D:1      | Reached XP level 2. HP: 20/27 MP: 2/2
   184 | D:1      | Found an ornate altar of the Wu Jian Council.
   192 | D:1      | Became a worshipper of the Wu Jian Council
   339 | D:1      | Reached XP level 3. HP: 24/33 MP: 3/3
   778 | D:1      | Reached * piety under Wu Jian
  1044 | D:2      | Noticed Natasha
  1053 | D:2      | Killed Natasha
  1054 | D:2      | Reached XP level 4. HP: 27/40 MP: 4/4
  1266 | D:2      | Noticed Natasha
  1267 | D:2      | Noticed Jessica
  1272 | D:2      | Killed from afar by Jessica

Illustrated notes

Levels and vault maps discovered:
D:1:      elethiomel_arrival_diamonds, layout_basic, minmay_hexomino_r4
D:2:      layout_basic, chequers_serial_rivers_large_a, kennysheep_boxes,
          uniq_natasha, uniq_jessica, uniq_robin

Skill      XL: |  1  2  3 |
---------------+----------+-----
Axes           | 3 4 |  4.2
Fighting       | 4 |  4.2
Armour         | |  3.8
Shields        | |  3.8

Action                   |  1- 3 |  4- 6 || total
-------------------------+-------+-------++-------
Melee: War axe           |    81 |    13 ||    94
Invok: Lunge             |     6 |     2 ||     8
Armor: Scale mail        |    40 |     5 ||    45
Dodge: Dodged            |    52 |     2 ||    54
Block: Kite shield       |    54 |     5 ||    59
